 Dungeon Crawl Stone Soup version 0.23.2-1-ga50397a (webtiles) character file.

Game seed: 5925836413318714513

112 IBeShadow the Caller (level 4, -8/37 HPs)
             Began as a Draconian Summoner on May 15, 2019.
             Killed by divine providence
             ... invoked by an orc priest
              (13 damage)
             ... on level 3 of the Dungeon.
             The game lasted 00:05:13 (3636 turns).

IBeShadow the Caller (Draconian Summoner)           Turns: 3636, Time: 00:05:13

Health: -8/37      AC:  7    Str: 12    XL:     4   Next: 64%
Magic:  3/8        EV: 12    Int: 15    God:
Gold:   58         SH:  0    Dex: 11    Spells: 6/9 levels left

rFire    . . .     SeeInvis .   e - +1 club
rCold    . . .     Gourm    .   (no shield)
rNeg     . . .     Faith    .   (armour unavailable)
rPois    .         Spirit   .   (helmet restricted)
rElec    .         Reflect  .   (no cloak)
rCorr    .         Harm     .   (no gloves)
MR       .....                  a - +1 pair of boots
Stlth    ++........             (no amulet)
HPRegen  0.12/turn              (no ring)
MPRegen  0.11/turn              (no ring)

@: no status effects
A: unfitting armour, cold-blooded, AC +5
a: no special abilities


You were on level 3 of the Dungeon.
You were not hungry.

You visited 1 branch of the dungeon, and saw 3 of its levels.

You collected 58 gold pieces.

Inventory:

Hand Weapons
 e - a +1 club (weapon)
Armour
 a - a +1 pair of boots (worn)
Scrolls
 f - 2 scrolls of identify
 i - a scroll of noise {unknown}
 j - a scroll of amnesia {unknown}
Potions
 c - a potion of haste
 d - a potion of curing
 g - a potion of heal wounds {unknown}
 h - a potion of lignification {unknown}
Comestibles
 b - 6 rations


   Skills:
 + Level 2.5 Fighting
 - Level 1.7 Dodging
 - Level 1.7 Stealth
 + Level 3.1 Spellcasting
 + Level 4.7 Summonings


You had 6 spell levels left.
You knew the following spells:

 Your Spells              Type           Power        Failure   Level  Hunger
a - Summon Small Mammal   Summ           ###.         2%          1    #......
b - Call Imp              Summ           ###.....     4%          2    ##.....

Your spell library contained the following spells:

 Spells                   Type           Power        Failure   Level  Hunger
 Call Canine Familiar     Summ           ###.....     9%          3    ###....
 Summon Guardian Golem    Hex/Summ       #.......     22%         3    ###....
 Summon Ice Beast         Ice/Summ       #.......     58%         4    #####..
 Summon Lightning Spire   Summ/Air       #.......     58%         4    #####..


Dungeon Overview and Level Annotations

Branches:
Dungeon (3/15)

Altars:


Innate Abilities, Weirdness & Mutations

Your plain brown scales are hard. (AC +5)
You cannot fit into any form of body armour.
You are cold-blooded and may be slowed by cold attacks.


Message History

You barely miss the rat.
The rat is heavily wounded.
The rat bites you but does no damage.
Your crimson imp hits the rat.
The rat dies!
Your white imp completely misses the orc warrior.
You swap places.
The orc warrior hits you from afar with a +0 trident!
Your white imp gestures at the orc warrior.
The puff of frost hits the orc warrior!
The orc priest miscasts a cantrip.
Your crimson imp closely misses the orc warrior.
You swap places.
The orc priest shouts!
Your crimson imp disappears in a puff of smoke!
The orc warrior hits you with a +0 trident!
* * * LOW HITPOINT WARNING * * *
Your crimson imp closely misses the orc warrior.
The orc priest invokes the aid of Beogh against you.
Beogh smites you!
You die...

#................
........#.........
...##.........#.##
.............#....####
............#............# ##
.............)...........#...
........#....(...........#.#
............(..5..........#
.......o....o@.ยง........#
##.##....#o....(5..........###
......h.##.#....#.............
...........####.#.............
........#### #)....<.........
......... #...............
.........# #.................
.......#.. .##.##.#..........
....... ### ...##......##....


You could see an orc warrior, 2 orc priests, a friendly crimson imp and a
friendly white imp.

Vanquished Creatures
  A gnoll (D:2)
  An adder (D:2)
  2 worms (D:2)
  3 dart slugs
  2 orcs
  A giant cockroach (D:1)
  3 goblins (D:1)
  10 hobgoblins
  5 bats
  A frilled lizard (D:2)
  3 kobolds (D:1)
  6 rats
38 creatures vanquished.

Vanquished Creatures (collateral kills)
  Natasha (D:3)
  3 gnolls (D:2)
  2 adders (D:2)
  2 orcs
  3 hobgoblins
  A bat (D:3)
  A frilled lizard (D:3)
  2 rats
15 creatures vanquished.

Grand Total: 53 creatures vanquished

Notes
Turn   | Place    | Note
-------+----------+-------------------------------------------
     0 | D:1      | IBeShadow the Draconian Summoner began the quest for the
                  | Orb.
     0 | D:1      | Reached XP level 1. HP: 14/14 MP: 3/3
   485 | D:1      | Reached XP level 2. HP: 19/22 MP: 5/5
   517 | D:1      | Reached skill level 1 in Fighting
  1286 | D:2      | Found a faded altar of an unknown god.
  1542 | D:1      | Learned a level 2 spell: Call Imp
  1728 | D:2      | Reached XP level 3. HP: 27/28 MP: 3/6
  2245 | D:2      | Reached XP level 4. HP: 19/36 MP: 3/8
  3157 | D:3      | Noticed Natasha
  3157 | D:3      | Noticed an orc warrior
  3628 | D:3      | Killed Natasha
  3636 | D:3      | Killed from afar by an orc priest

Skill      XL: |  1  2  3  4 |
---------------+-------------+-----
Fighting       | 1 2 |  2.5
Spellcasting   | 3 |  3.1
Dodging        | |  1.7
Stealth        | |  1.7
Summonings     | |  4.7

Action                   |  1- 3 |  4- 6 || total
-------------------------+-------+-------++-------
Melee: Club              |   147 |    60 ||   207
       Unarmed           |    15 |       ||    15
       Tailslap          |    21 |     4 ||    25
 Cast: Summon Small Mamm |     4 |       ||     4
       Call Imp          |     8 |    14 ||    22
  Use: Potion            |     3 |       ||     3
       Scroll            |     2 |       ||     2
 Stab: Sleeping          |     4 |       ||     4
       Distracted        |     1 |     1 ||     2
  Eat: Chunk             |     4 |     4 ||     8
       Ration            |       |     1 ||     1
Armor: Skin              |    57 |    35 ||    92
Dodge: Dodged            |   103 |    68 ||   171
